SKY
SEATTLE MARINERS @ KANSAS CITY ROYALS
05/15/2052
 
TOP OF THE 1ST
Seattle Mariners batting - Pitching for Kansas City Royals : RHP Miguel Arranaga
Pitching: RHP Miguel Arranaga
Batting: RHB Alexis Loya 0-0: Ball
1-0: Foul Ball, location: 5FF
1-1: Foul Ball, location: 23F
1-2: Ball
2-2: Ball
3-2: Base on Balls
Batting: LHB Dickie Pierce 0-0: Fielders Choice at 2nd, 4-6 (Groundball, 4, EV 82.5 MPH)
Batting: RHB Jacob Cole 0-0: Called Strike
0-1: Called Strike
0-2: Ball
1-2: Foul Ball, location: 25FF
1-2: Grounds into double play, 3-6-3 (Groundball, 3, EV 91.9 MPH)
Top of the 1st over - 0 runs, 0 hits, 0 errors, 0 left on base; Seattle 0 - Kansas City 0
BOTTOM OF THE 1ST
Kansas City Royals batting - Pitching for Seattle Mariners : LHP Rusty Tucker
Pitching: LHP Rusty Tucker
Batting: RHB Anastacio Bamba 0-0: Called Strike
0-1: Foul Ball, location: 9LMF
0-2: Ball
1-2: Ball
2-2: Ball
3-2: Ground out 6-3 (Groundball, 6, EV 107.5 MPH)
Batting: LHB Britt Lane 0-0: Swinging Strike
0-1: DOUBLE (Line Drive, 89D, EV 107.5 MPH)
Batting: LHB Tommy Hill 0-0: Ball
Passed Ball!
Britt Lane to third
1-0: Foul Ball, location: 5F
1-1: Ball
2-1: Swinging Strike
2-2: Foul Ball, location: 2F
2-2: Ball
3-2: Strikes out swinging
Batting: SHB Walter Steffen 0-0: Ground out 6-3 (Groundball, 56, EV 110.0 MPH)
Bottom of the 1st over - 0 runs, 1 hit, 0 errors, 1 left on base; Seattle 0 - Kansas City 0
TOP OF THE 2ND
Seattle Mariners batting - Pitching for Kansas City Royals : RHP Miguel Arranaga
Batting: LHB Norman Visser 0-0: Ball
1-0: Foul Ball, location: 9LSFF
1-1: Ball
2-1: Swinging Strike
2-2: Foul Ball, location: 25F
2-2: Foul Ball, location: 23F
2-2: Ball
3-2: Foul Ball, location: 2F
3-2: Strikes out swinging
Batting: RHB Bobby Brundage 0-0: Ball
1-0: Foul Ball, location: 25F
1-1: Foul Ball, location: 2F
1-2: Foul Ball, location: 2F
1-2: Fly out, F2 (Popup, 23F, EV 90.6 MPH)
Batting: LHB Kent Niemann 0-0: Ball
1-0: Ball
2-0: Ball
3-0: Swinging Strike
3-1: Swinging Strike
3-2: Strikes out swinging
Top of the 2nd over - 0 runs, 0 hits, 0 errors, 0 left on base; Seattle 0 - Kansas City 0
BOTTOM OF THE 2ND
Kansas City Royals batting - Pitching for Seattle Mariners : LHP Rusty Tucker
Batting: RHB Cooper Wright 0-0: Called Strike
0-1: Ball
1-1: Ball
2-1: SINGLE (Line Drive, 7S, EV 107.5 MPH)
Batting: LHB Rudy Phillips 0-0: Foul Ball, location: 2LF
0-1: Foul Ball, location: 3F
0-2: Ball
1-2: Ball
2-2: Strikes out swinging
Batting: SHB Roberto Esquivel 0-0: Called Strike
0-1: Foul Ball, location: 5DF
0-2: Ball
1-2: Strikes out swinging
Batting: RHB Braiden Bonner 0-0: Ball
1-0: Ball
2-0: Ball
3-0: Base on Balls
Cooper Wright to second
Batting: RHB Aimar García 0-0: SINGLE (Line Drive, 6D, EV 96.3 MPH)
Cooper Wright to third
Braiden Bonner to second
Runner from 3rd tries for Home, SAFE, throw by CF to home
Batting: RHB Anastacio Bamba 0-0: Ball
1-0: Ball
2-0: Ball
3-0: Called Strike
3-1: Foul Ball, location: 5F
3-2: Foul Ball, location: 25F
3-2: Strikes out swinging
Bottom of the 2nd over - 1 run, 2 hits, 0 errors, 2 left on base; Seattle 0 - Kansas City 1
TOP OF THE 3RD
Seattle Mariners batting - Pitching for Kansas City Royals : RHP Miguel Arranaga
Batting: RHB Norm Walker 0-0: Ball
1-0: Ball
2-0: Fly out, F4 (Popup, 4MD, EV 69.4 MPH)
Batting: SHB Hugo Castillo 0-0: Ball
1-0: Called Strike
1-1: Ball
2-1: Foul Ball, location: 9LSF
2-2: Ball
3-2: Foul Ball, location: 5FF
3-2: Fly out, F8 (Line Drive, 8RM, EV 105.6 MPH)
Batting: RHB Ty Moss 0-0: Ball
1-0: Foul Ball, location: 2F
1-1: Foul Ball, location: 2F
1-2: Strikes out swinging
Top of the 3rd over - 0 runs, 0 hits, 0 errors, 0 left on base; Seattle 0 - Kansas City 1
BOTTOM OF THE 3RD
Kansas City Royals batting - Pitching for Seattle Mariners : LHP Rusty Tucker
Batting: LHB Britt Lane 0-0: Ball
1-0: Ground out U3 (Groundball, 3L, EV 105.6 MPH)
Batting: LHB Tommy Hill 0-0: Called Strike
0-1: Ball
1-1: Ball
2-1: Called Strike
2-2: Foul Ball, location: 7LSFF
2-2: Fly out, F5 (Popup, 25F, EV 84.4 MPH)
Batting: SHB Walter Steffen 0-0: Called Strike
0-1: Ball
1-1: Ball
2-1: Ball
3-1: Called Strike
3-2: Foul Ball, location: 5FF
3-2: Strikes out looking
Bottom of the 3rd over - 0 runs, 0 hits, 0 errors, 0 left on base; Seattle 0 - Kansas City 1
TOP OF THE 4TH
Seattle Mariners batting - Pitching for Kansas City Royals : RHP Miguel Arranaga
Batting: RHB Alexis Loya 0-0: Called Strike
0-1: Ball
1-1: Fly out, F8 (Flyball, 8LXD, EV 106.9 MPH)
Batting: LHB Dickie Pierce 0-0: Foul Ball, location: 7LMF
0-1: Called Strike
0-2: Ball
1-2: Ball
2-2: Ball
3-2: Strikes out swinging
Batting: RHB Jacob Cole 0-0: Ball
1-0: Swinging Strike
1-1: Swinging Strike
1-2: Foul Ball, location: 3F
1-2: Ball
2-2: Foul Ball, location: 25F
2-2: Foul Ball, location: 2F
2-2: Foul Ball, location: 2F
2-2: Strikes out swinging
Top of the 4th over - 0 runs, 0 hits, 0 errors, 0 left on base; Seattle 0 - Kansas City 1
BOTTOM OF THE 4TH
Kansas City Royals batting - Pitching for Seattle Mariners : LHP Rusty Tucker
Batting: RHB Cooper Wright 0-0: Foul Ball, location: 25F
0-1: Ball
1-1: Called Strike
1-2: Strikes out swinging
Batting: LHB Rudy Phillips 0-0: Ball
1-0: Swinging Strike
1-1: Ball
2-1: Foul Ball, location: 2F
2-2: Foul Ball, location: 7LSF
2-2: Ground out U3 (Groundball, 3S, EV 65.0 MPH)
Batting: SHB Roberto Esquivel 0-0: Ball
1-0: Foul Ball, location: 2F
1-1: Fly out, F2 (Popup, 23F, EV 88.8 MPH)
Bottom of the 4th over - 0 runs, 0 hits, 0 errors, 0 left on base; Seattle 0 - Kansas City 1
TOP OF THE 5TH
Seattle Mariners batting - Pitching for Kansas City Royals : RHP Miguel Arranaga
Batting: LHB Norman Visser 0-0: Ball
1-0: Foul Ball, location: 23F
1-1: Ground out 4-3 (Groundball, 4, EV 83.1 MPH)
Batting: RHB Bobby Brundage 0-0: Hit by Pitch
Batting: LHB Kent Niemann 0-0: SINGLE (Groundball, 4, EV 99.4 MPH) (infield hit)
Bobby Brundage to second
Batting: RHB Norm Walker 0-0: Called Strike
0-1: Ball
1-1: Foul Ball, location: 5FF
1-2: Ball
2-2: Ball
3-2: Base on Balls
Bobby Brundage to third
Kent Niemann to second
Batting: SHB Hugo Castillo 0-0: Called Strike
0-1: Fly out, F9 (Flyball, 89D, EV 106.9 MPH)
Runner from 3rd tags up, SCORES, throw by RF
Kent Niemann to third
Batting: RHB Ty Moss 0-0: Called Strike
0-1: Ball
1-1: Ball
2-1: Foul Ball, location: 9LDF
2-2: Ground out 2-3 (Groundball, 2L, EV 75.0 MPH)
Top of the 5th over - 1 run, 1 hit, 0 errors, 2 left on base; Seattle 1 - Kansas City 1
BOTTOM OF THE 5TH
Kansas City Royals batting - Pitching for Seattle Mariners : LHP Rusty Tucker
Batting: RHB Braiden Bonner 0-0: Foul Ball, location: 5F
0-1: Foul Ball, location: 9LSF
0-2: Foul Ball, location: 3F
0-2: Ball
1-2: Ball
2-2: Strikes out swinging
Batting: RHB Aimar García 0-0: Ball
1-0: Fly out, F4 (Popup, 4S, EV 71.9 MPH)
Batting: RHB Anastacio Bamba 0-0: Called Strike
0-1: Foul Ball, location: 2F
0-2: Foul Ball, location: 3FF
0-2: Strikes out looking
Bottom of the 5th over - 0 runs, 0 hits, 0 errors, 0 left on base; Seattle 1 - Kansas City 1
TOP OF THE 6TH
Seattle Mariners batting - Pitching for Kansas City Royals : RHP Miguel Arranaga
Batting: RHB Alexis Loya 0-0: Called Strike
0-1: Called Strike
0-2: Strikes out looking
Batting: LHB Dickie Pierce 0-0: SINGLE (Line Drive, 7S, EV 107.5 MPH)
Batting: RHB Jacob Cole 0-0: Ball
1-0: Ball
2-0: Foul Ball, location: 5F
2-1: Swinging Strike
2-2: Ball
3-2: Strikes out swinging
Dickie Pierce steals 2nd base
Batter strikes out.
Batting: LHB Norman Visser 0-0: Called Strike
0-1: SINGLE (Line Drive, 7LM, EV 95.0 MPH)
Dickie Pierce to third
Runner from 3rd tries for Home, SAFE, throw by LF to home
Batting: RHB Bobby Brundage 0-0: Called Strike
0-1: Fly out, F7 (Line Drive, 7S, EV 95.0 MPH)
Top of the 6th over - 1 run, 2 hits, 0 errors, 1 left on base; Seattle 2 - Kansas City 1
BOTTOM OF THE 6TH
Kansas City Royals batting - Pitching for Seattle Mariners : LHP Rusty Tucker
Batting: LHB Britt Lane 0-0: Called Strike
0-1: Ball
1-1: Ground out 4-3 (Groundball, 4S, EV 71.3 MPH)
Batting: LHB Tommy Hill 0-0: Foul Ball, location: 7LSF
0-1: Swinging Strike
0-2: Ball
1-2: Foul Ball, location: 2F
1-2: Foul Ball, location: 2F
1-2: Ball
2-2: Strikes out looking
Batting: SHB Walter Steffen 0-0: Ball
1-0: Foul Ball, location: 5DF
1-1: Ball
2-1: Ball
3-1: SINGLE (Line Drive, 4D, EV 98.1 MPH)
Pitching: RHP Roy Lovelace
Batting: RHB Cooper Wright 0-0: Ball
1-0: Ball
2-0: Called Strike
2-1: Foul Ball, location: 2F
2-2: Fly out, F3 (Popup, 23, EV 84.4 MPH)
Bottom of the 6th over - 0 runs, 1 hit, 0 errors, 1 left on base; Seattle 2 - Kansas City 1
TOP OF THE 7TH
Seattle Mariners batting - Pitching for Kansas City Royals : RHP Miguel Arranaga
Batting: LHB Kent Niemann 0-0: Called Strike
0-1: Ball
1-1: Ball
2-1: Ground out U3 (Groundball, 34S, EV 86.9 MPH)
Pitching: RHP Max Rea
Batting: RHB Norm Walker 0-0: Swinging Strike
0-1: Swinging Strike
0-2: Ball
1-2: Ball
2-2: Strikes out swinging, 2-3 out at first.
Batting: SHB Hugo Castillo 0-0: Called Strike
0-1: Ball
1-1: Called Strike
1-2: Ball
2-2: Strikes out swinging
Top of the 7th over - 0 runs, 0 hits, 0 errors, 0 left on base; Seattle 2 - Kansas City 1
BOTTOM OF THE 7TH
Kansas City Royals batting - Pitching for Seattle Mariners : RHP Roy Lovelace
Batting: LHB Rudy Phillips 0-0: Ball
1-0: Foul Ball, location: 5FF
1-1: Foul Ball, location: 2F
1-2: Foul Ball, location: 3FF
1-2: Ground out 4-3 (Groundball, 4, EV 88.8 MPH)
Batting: SHB Roberto Esquivel 0-0: Ball
1-0: Ball
2-0: Fly out, F9 (Line Drive, 9, EV 103.8 MPH)
Batting: RHB Braiden Bonner 0-0: Called Strike
0-1: Ball
1-1: Ball
2-1: Foul Ball, location: 5SF
2-2: Strikes out looking
Bottom of the 7th over - 0 runs, 0 hits, 0 errors, 0 left on base; Seattle 2 - Kansas City 1
TOP OF THE 8TH
Seattle Mariners batting - Pitching for Kansas City Royals : RHP Max Rea
Batting: RHB Ty Moss 0-0: Ball
1-0: Ball
2-0: SINGLE (Line Drive, 89S, EV 97.5 MPH)
Batting: RHB Alexis Loya 0-0: Ball
1-0: Called Strike
1-1: Foul Ball, location: 7LSF
1-2: Ball
2-2: Strikes out swinging
Batting: LHB Dickie Pierce 0-0: Called Strike
0-1: Ball
1-1: Grounds into double play, U3-6 (Groundball, 3L, EV 103.1 MPH)
Top of the 8th over - 0 runs, 1 hit, 0 errors, 0 left on base; Seattle 2 - Kansas City 1
BOTTOM OF THE 8TH
Kansas City Royals batting - Pitching for Seattle Mariners : RHP Roy Lovelace
Batting: RHB Aimar García 0-0: Foul Ball, location: 2F
0-1: Swinging Strike
0-2: Foul Ball, location: 23F
0-2: Fly out, F9 (Line Drive, 9S, EV 106.3 MPH)
Batting: LHB Walter Prater 0-0: Foul Ball, location: 3F
0-1: Ball
1-1: Ball
2-1: Ball
3-1: Called Strike
3-2: Foul Ball, location: 2RF
3-2: Foul Ball, location: 3F
3-2: Base on Balls
Pitching: LHP Adam Keef
Pinch Hitting: RHB Bernard Cardinales 0-0: Called Strike
0-1: Sac Bunt to P - play at first, batter OUT! 1-3
Walter Prater to second
Batting: LHB Tommy Hill 0-0: Foul Ball, location: 2F
0-1: Swinging Strike
0-2: Fly out, F7 (Flyball, 7, EV 76.3 MPH)
Bottom of the 8th over - 0 runs, 0 hits, 0 errors, 1 left on base; Seattle 2 - Kansas City 1
TOP OF THE 9TH
Seattle Mariners batting - Pitching for Kansas City Royals : RHP Max Rea
Now in RF: Bernard Cardinales
Batting: RHB Jacob Cole 0-0: Called Strike
0-1: Ball
1-1: Ground out 6-3 (Groundball, 6, EV 83.8 MPH)
Batting: LHB Norman Visser 0-0: Called Strike
0-1: Ball
1-1: Ball
2-1: Foul Ball, location: 7LDF
2-2: DOUBLE (Line Drive, 5D, EV 95.0 MPH)
Batting: RHB Bobby Brundage 0-0: Foul Ball, location: 9LDF
0-1: Ball
1-1: Ball
2-1: Ball
3-1: Foul Ball, location: 2F
3-2: Foul Ball, location: 2F
3-2: Foul Ball, location: 5SF
3-2: SINGLE (Groundball, 56D, EV 96.3 MPH)
Norman Visser to third
Runner from 3rd tries for Home, SAFE, throw by LF to home
Batting: LHB Kent Niemann 0-0: Ball
1-0: Ball
2-0: Foul Ball, location: 2F
2-1: Swinging Strike
2-2: Foul Ball, location: 2F
2-2: Strikes out swinging
Pitching: RHP Denmark Cowell
Batting: RHB Norm Walker 0-0: Called Strike
0-1: Ball
1-1: Swinging Strike
1-2: Ball
2-2: Ball
3-2: Strikes out looking
Top of the 9th over - 1 run, 2 hits, 0 errors, 1 left on base; Seattle 3 - Kansas City 1
BOTTOM OF THE 9TH
Kansas City Royals batting - Pitching for Seattle Mariners : LHP Adam Keef
Pitching: RHP Gaman Ramage
Now at C: Amory Friedli
Now in LF: Wally Neff
Batting: SHB Walter Steffen 0-0: Ball
1-0: Swinging Strike
1-1: Swinging Strike
1-2: Ball
2-2: Strikes out swinging
Pinch Hitting: LHB Bobby Orozco 0-0: Ball
1-0: Called Strike
1-1: Ball
2-1: Ball
3-1: Ground out U3 (Groundball, 3, EV 86.3 MPH)
Batting: LHB Rudy Phillips 0-0: Called Strike
0-1: Ball
1-1: Ball
2-1: Reached on error, E3 (Groundball, 34, EV 91.9 MPH)
Batting: SHB Roberto Esquivel 0-0: Called Strike
0-1: Foul Ball, location: 7LMF
0-2: Foul Ball, location: 2F
0-2: Strikes out looking
Bottom of the 9th over - 0 runs, 0 hits, 1 error, 1 left on base; Seattle 3 - Kansas City 1
Sunday, April 21st , 2024 - OOTP Baseball 24.11 Build 85